General information
- name: BNet
- type: Ladder team game (AT/RT)
- host: Battle.net
- saver: TIMG4STRok
map: GnollWood
- players: 4
- length: 14:18
- speed: Fast
- version: 1.21 W3XP
- replay type:

» download(81 KB)
Players
team 1 (winner)

»
iggy_the_fisk (
orange | 128 APM | 1827 actions | 14:17)
4 Archmage
2 Summon Water Elemental
2 Brilliance Aura
3 Mountain King
2 Storm Bolt
1 Bash
» actions
| Assign group hotkey | 271 | |
| Basic commands | 3 | |
| Build / train | 66 | |
| Enter build submenu | 18 | |
| Enter hero's abilities submenu | 7 | |
| Right click | 864 | |
| Select / deselect | 250 | |
| Select group hotkey | 262 | |
| Use ability | 86 | |
1827 total
» units
| Peasant | 14 | |
| Footman | 12 | |
| Rifleman | 8 | |
| Mortar Team | 6 | |
40 total
» upgrades
» buildings
| Altar of Kings | 1 | |
| Barracks | 1 | |
| Farm | 7 | |
| Scout Tower | 4 | |
| Arcane Tower | 6 | |
| Keep | 5 | |
| Arcane Vault | 1 | |
| Blacksmith | 1 | |
| Workshop | 1 | |
27 total
» build order
00:05 Altar of Kings
00:19 Barracks
00:22 Farm
00:45 Farm
01:35 Scout Tower
02:00 Farm
02:22 Arcane Tower
03:29 Keep
03:30 Keep
03:30 Keep
03:44 Arcane Vault
04:25 Farm
05:00 Farm
05:10 Blacksmith
05:40 Farm
06:30 Workshop
07:24 Scout Tower
08:15 Scout Tower
09:04 Arcane Tower
09:04 Arcane Tower
09:04 Arcane Tower
09:57 Scout Tower
10:29 Arcane Tower
11:10 Farm
» items
| Dust of Appearance | 1 | |
| Scroll of Town Portal | 2 | |
| Scroll of Regeneration | 1 | |
4 total

»
TIMG4STRok (
green | 118 APM | 1687 actions | 14:18)
3 Archmage
2 Summon Water Elemental
1 Brilliance Aura
3 Mountain King
2 Storm Bolt
1 Bash
» actions
| Assign group hotkey | 23 | |
| Basic commands | 65 | |
| Build / train | 47 | |
| Enter build submenu | 22 | |
| Enter hero's abilities submenu | 6 | |
| Right click | 688 | |
| Select / deselect | 192 | |
| Select group hotkey | 575 | |
| Use ability | 69 | |
1687 total
» units
| Peasant | 9 | |
| Footman | 10 | |
| Sorceress | 1 | |
| Priest | 1 | |
| Spell Breaker | 3 | |
24 total
» upgrades
| Sorceress Training | 1 | |
| Priest Training | 1 | |
| Magic Sentry | 1 | |
3 total
» buildings
| Altar of Kings | 1 | |
| Barracks | 1 | |
| Farm | 7 | |
| Scout Tower | 7 | |
| Arcane Tower | 2 | |
| Keep | 1 | |
| Arcane Vault | 2 | |
| Lumber Mill | 1 | |
| Arcane Sanctum | 2 | |
| Guard Tower | 4 | |
| Town Hall | 1 | |
29 total
» build order
00:03 Altar of Kings
00:08 Barracks
00:13 Farm
01:01 Farm
01:29 Scout Tower
01:46 Farm
02:26 Arcane Tower
03:10 Keep
03:36 Farm
04:02 Arcane Vault
04:37 Farm
05:14 Lumber Mill
05:43 Arcane Sanctum
05:47 Arcane Sanctum
06:33 Scout Tower
07:01 Scout Tower
07:02 Guard Tower
07:30 Guard Tower
08:24 Scout Tower
08:25 Scout Tower
08:52 Farm
08:55 Guard Tower
09:30 Arcane Vault
09:33 Scout Tower
10:10 Arcane Tower
10:14 Scout Tower
11:35 Guard Tower
11:45 Farm
12:27 Town Hall
» items
| Scroll of Regeneration | 1 | |
| Ivory Tower | 2 | |
| Scroll of Town Portal | 1 | |
| Scroll of Healing | 1 | |
5 total
team 2 (loser)

»
Dany[WoOsH] (
yellow | 82 APM | 1171 actions | 14:17)
4 Mountain King
2 Storm Bolt
2 Bash
» actions
| Assign group hotkey | 54 | |
| Basic commands | 76 | |
| Build / train | 52 | |
| Enter build submenu | 20 | |
| Enter hero's abilities submenu | 4 | |
| Remove unit from queue | 1 | |
| Right click | 507 | |
| Select / deselect | 223 | |
| Select group hotkey | 169 | |
| Use ability | 65 | |
1171 total
» units
| Peasant | 9 | |
| Rifleman | 12 | |
| Priest | 3 | |
| Spell Breaker | 2 | |
26 total
» upgrades
| Gunpowder | 2 | |
| Priest Training | 1 | |
| Masonry | 1 | |
4 total
» buildings
| Altar of Kings | 1 | |
| Farm | 6 | |
| Barracks | 1 | |
| Blacksmith | 1 | |
| Arcane Vault | 1 | |
| Scout Tower | 2 | |
| Lumber Mill | 2 | |
| Arcane Tower | 1 | |
| Keep | 2 | |
| Arcane Sanctum | 2 | |
| Guard Tower | 1 | |
| Town Hall | 1 | |
| Workshop | 1 | |
22 total
» build order
00:06 Altar of Kings
00:23 Farm
00:54 Barracks
01:30 Farm
01:38 Blacksmith
02:02 Arcane Vault
02:25 Scout Tower
02:28 Lumber Mill
03:08 Farm
03:13 Arcane Tower
04:15 Keep
04:15 Keep
05:11 Farm
05:15 Scout Tower
05:47 Lumber Mill
06:41 Arcane Sanctum
06:42 Arcane Sanctum
08:38 Farm
08:38 Farm
11:23 Guard Tower
11:26 Town Hall
12:52 Workshop
» items
| Lesser Clarity Potion | 4 | |
| Scroll of Regeneration | 2 | |
| Potion of Mana | 1 | |
| Potion of Healing | 1 | |
| Scroll of Speed | 2 | |
| Scroll of Town Portal | 1 | |
| Healing Salve | 1 | |
12 total

»
NoExit[KS] (
teal | 51 APM | 716 actions | 13:56)
4 Blademaster
3 Wind Walk
1 Critical Strike
» actions
| Assign group hotkey | 7 | |
| Basic commands | 80 | |
| Build / train | 31 | |
| Enter build submenu | 18 | |
| Enter hero's abilities submenu | 3 | |
| Remove unit from queue | 1 | |
| Right click | 327 | |
| Select / deselect | 182 | |
| Select group hotkey | 18 | |
| Use ability | 49 | |
716 total
» units
» upgrades
» buildings
| Altar of Storms | 1 | |
| Orc Burrow | 4 | |
| Barracks | 2 | |
| Stronghold | 1 | |
| Voodoo Lounge | 1 | |
| Beastiary | 1 | |
10 total
» build order
00:11 Altar of Storms
00:22 Orc Burrow
01:08 Barracks
01:36 Orc Burrow
02:34 Stronghold
03:33 Orc Burrow
03:58 Voodoo Lounge
05:07 Barracks
05:18 Beastiary
05:26 Orc Burrow
» items
| Healing Salve | 1 | |
| Lesser Clarity Potion | 1 | |
| Potion of Healing | 1 | |
3 total
Chat log
(00:02 / All) NoExit[KS]: acordei
(14:09 / All) iggy_the_fisk: you have...
(14:11 / All) iggy_the_fisk: been owned...
(14:13 / All) TIMG4STRok: gg